 Dungeon Crawl Stone Soup version 0.30.0-30-g96aa6591b8 (webtiles) character file.

Game seed: 10527058647650977118

1216 nonceun the Cleaver (level 8, 0/106 HPs)
             Began as a Minotaur Berserker on June 27, 2023.
             Was an Elder of Trog.
             Succumbed to a gnoll sergeant's poison
             ... on level 6 of the Dungeon.
             The game lasted 00:19:47 (4385 turns).

nonceun the Cleaver (Minotaur Berserker)            Turns: 4385, Time: 00:19:47

Health: 0/106      AC: 12    Str: 24    XL:     8   Next: 22%
Magic:  7/7        EV: 10    Int:  6    God:    Trog [****..]
Gold:   148        SH:  0    Dex: 11    Spells: 7/7 levels left

rFire   . . .        a - +0 hand axe
rCold   + . .        (no shield)
rNeg    . . .        t - +0 scale mail "Gaddogryow" {rC+ Str+3}
rPois   .            (helmet restricted)
rElec   .            (no cloak)
rCorr   .            f - +0 pair of gloves
SInv    .            (no boots)
Will    ++...        (no amulet) Stlth
                     o - +4 ring of protection
HPRegen 1.37/turn    (no ring)
MPRegen 0.10/turn

%: no passive effects
@: berserking, lethally poisoned (0 -> -8), strong-willed (expiring),
regenerating (expiring), very quick
A: horns 2, retaliatory headbutt
a: Renounce Religion, Berserk, Trog's Hand, Brothers in Arms


You were on level 6 of the Dungeon.
You worshipped Trog.
Trog was greatly pleased with you.
You visited 1 branch of the dungeon, and saw 6 of its levels.
You also visited: Sewer.

You collected 248 gold pieces.
You spent 100 gold pieces at shops.

Inventory:

Hand Weapons
 a - a +0 hand axe (weapon)
Armour
 f - a +0 pair of gloves (worn)
 t - the +0 scale mail "Gaddogryow" (worn) {rC+ Str+3}
   (You found it in a sewer)

   Str:       It affects your strength (+3).
   rC:        It protects you from cold.
 E - a +0 plate armour
Jewellery
 e - a ring of resist corrosion
 h - a ring of see invisible
 k - a ring of protection from cold
 o - a +4 ring of protection (left hand)
 x - a ring of protection from fire
 C - a ring of poison resistance
Wands
 r - a wand of flame (4)
Scrolls
 c - 10 scrolls of identify {unknown}
 d - 6 scrolls of teleportation {unknown}
 l - a scroll of enchant weapon {unknown}
 m - 2 scrolls of enchant armour {unknown}
 p - a scroll of fog {unknown}
 q - 2 scrolls of immolation {unknown}
 y - a scroll of silence {unknown}
 z - 2 scrolls of blinking {unknown}
 A - a scroll of summoning {unknown}
 B - a scroll of magic mapping {unknown}
 D - a scroll of vulnerability {unknown}
 F - a scroll of noise {unknown}
Potions
 b - 5 potions of heal wounds {unknown}
 g - 3 potions of flight {unknown}
 i - 3 potions of haste {unknown}
 j - a potion of berserk rage {unknown}
 n - a potion of lignification {unknown}
 s - 2 potions of magic {unknown}
 u - a potion of invisibility {unknown}
 v - a potion of resistance
 w - a potion of curing {unknown}


   Skills:
 * Level 6.9 Fighting
 + Level 10.0 Axes
 * Level 5.0 Armour
 - Level 2.1 Dodging


You had 7 spell levels left.
You didn't know any spells.
Your spell library contained the following spells:

 Spells                   Type           Power      Damage    Failure   Level
 Apportation              Tloc           0%         N/A       75%         1
 Magic Dart               Conj           0%         1d3       75%         1
 Shock                    Conj/Air       0%         1d3       75%         1
 Call Imp                 Summ           0%         N/A       86%         2
 Sublimation of Blood     Necr           0%         N/A       86%         2
 Dazzling Flash           Conj/Hex       0%         N/A       98%         3
 Ignite Poison            Fire/Tmut/Pois 0%         N/A       98%         3
 Mephitic Cloud           Conj/Pois/Air  0%         N/A       98%         3
 Portal Projectile        Hex/Tloc       0%         N/A       98%         3
 Tukima's Dance           Hex            0%         N/A       98%         3
 Vhi's Electric Charge    Tloc/Air       0%         N/A       98%         3
 Volatile Blastmotes      Fire/Tloc      0%         2d10      98%         3
 Iskenderun's Mystic Bla  Conj/Tloc      0%         2d3       100%        4
 Petrify                  Tmut/Erth      0%         N/A       100%        4
 Sticky Flame             Conj/Fire      0%         2d3       100%        4
 Alistair's Intoxication  Tmut/Pois      0%         N/A       100%        5
 Blade Hands              Tmut           0%         N/A       100%        5
 Irradiate                Conj/Tmut      0%         3d11      100%        5
 Starburst                Conj/Fire      0%         6d3       100%        6
 Malign Gateway           Summ/Tloc      0%         N/A       100%        7
 Ignition                 Fire           0%         3d3       100%        8
 Chain Lightning          Conj/Air       0%         N/A       100%        9


Dungeon Overview and Level Annotations

Branches:
Dungeon (6/15)             Temple (0/1) D:4           Sewer (visited)

Altars:
Makhleb

Shops:
D:3 :   D:4 (*


Innate Abilities, Weirdness & Mutations

You have a pair of horns on your head.
You reflexively headbutt those who attack you in melee.


Message History

Unknown command.
A red film seems to cover your vision as you go berserk!
You feel yourself moving faster!
You feel mighty!
You feel sick.
The gnoll sergeant hits you but does no damage.
You are more poisoned.
You hit the gnoll sergeant. You headbutt the gnoll sergeant.
The gnoll sergeant is moderately wounded.
You feel the effects of Trog's Hand fading.
You feel sick.
The gnoll sergeant hits you but does no damage.
You are more poisoned.
You barely miss the gnoll sergeant.
Your headbutt misses the gnoll sergeant.
The gnoll sergeant is moderately wounded.
You feel very sick.
You hit the gnoll sergeant.
The gnoll sergeant is moderately wounded.
You feel sick.
The gnoll sergeant hits you with a +2 spear of venom!
* * * LOW HITPOINT WARNING * * *
You are more poisoned.
You barely miss the gnoll sergeant.
The gnoll sergeant is moderately wounded.
* * * LOW HITPOINT WARNING * * *
You feel very sick.
You closely miss the gnoll sergeant. You headbutt the gnoll sergeant!
The gnoll sergeant is severely wounded.
* * * LOW HITPOINT WARNING * * *
You feel very sick.
You hit the gnoll sergeant.
Your headbutt misses the gnoll sergeant.
The gnoll sergeant is almost dead.
* * * LOW HITPOINT WARNING * * *
You feel very sick. The gnoll sergeant barely misses you.
You slash the gnoll sergeant!
You feel the power of Trog in you as your rage grows.
You kill the gnoll sergeant!
Trog accepts your kill.
You die...

...........###g##
.............g...
.......).........
.....####..g.....
... #.g.g...... .
#)#........
#.#...........
#####g#...........
#..@)g#...........
#.#####...........
#.# #...........
#.# #...........
#.# ###...........
#.# #.....).......
#.# #)###.########
#.# #..<#.#
#.#######.#


You could see 2 gnolls.

Vanquished Creatures
  2 centaurs (D:5)
  2 kobold brigands (Sewer)
  A phantom (D:5)
  A gnoll sergeant (D:6)
  A scorpion (D:5)
  2 wights (D:6)
  2 howler monkeys (D:5)
  5 hounds
  Terence (D:3)
  Natasha (thrice) (D:2)
  2 iguanas
  An orc wizard (D:6)
  8 gnolls (D:5)
  6 adders
  A worm (D:4)
  4 dart slugs
  11 orcs
  8 endoplasms
  12 giant cockroaches
  5 goblins
  4 hobgoblins
  12 jackals
  6 quokkas
  10 ball pythons
  2 bats
  5 frilled lizards
  20 kobolds
  13 rats
150 creatures vanquished.

Notes
Turn   | Place    | Note
-------+----------+-------------------------------------------
     0 | D:1      | nonceun the Minotaur Berserker began the quest for the Orb.
     0 | D:1      | Reached XP level 1. HP: 19/19 MP: 0/0
    35 | D:1      | Reached skill level 4 in Axes
   121 | D:1      | Reached XP level 2. HP: 20/26 MP: 1/1
   379 | D:1      | Reached skill level 5 in Axes
   522 | D:1      | Reached XP level 3. HP: 31/31 MP: 2/2
   571 | D:1      | Reached ** piety under Trog
  1112 | D:2      | Found a faded altar of an unknown god.
  1345 | D:2      | Noticed Natasha
  1348 | D:2      | Killed Natasha
  1349 | D:2      | Reached skill level 6 in Axes
  1349 | D:2      | Reached XP level 4. HP: 35/39 MP: 3/3
  1359 | D:2      | Noticed Natasha
  1370 | D:2      | Killed Natasha
  1473 | D:2      | Reached *** piety under Trog
  1492 | D:2      | Noticed Natasha
  1499 | D:2      | Killed Natasha
  1500 | D:2      | Reached skill level 7 in Axes
  1500 | D:2      | Reached XP level 5. HP: 46/46 MP: 4/4
  1769 | D:3      | Found a glowing drain.
  1789 | Sewer    | Entered a sewer
  1896 | Sewer    | Identified the +0 scale mail "Gaddogryow" {rC+ Str+3}
  2056 | Sewer    | Reached skill level 8 in Axes
  2056 | Sewer    | Reached XP level 6. HP: 53/53 MP: 5/5
  2124 | D:3      | Noticed Terence
  2144 | D:3      | Killed Terence
  2613 | D:3      | Found Lilosy's Book Emporium.
  2795 | D:4      | Reached skill level 5 in Fighting
  2882 | D:4      | Found Rostes's Weapon Shop.
  3090 | D:4      | Found Katuv's Assorted Antiques.
  3120 | D:4      | Bought a scroll labelled FIXIUTOOFF for 25 gold pieces
  3120 | D:4      | Bought a scroll labelled AKHOFU DEAT for 25 gold pieces
  3120 | D:4      | Bought a scroll labelled DUMOXTI HOQI for 25 gold pieces
  3120 | D:4      | Bought a scroll labelled YMNAOTAYTA for 25 gold pieces
  3125 | D:4      | Found a staircase to the Ecumenical Temple.
  3256 | D:5      | Entered Level 5 of the Dungeon
  3278 | D:5      | Reached skill level 9 in Axes
  3284 | D:5      | Reached XP level 7. HP: 48/61 MP: 6/6
  3299 | D:5      | Identified the +2 scale mail of Catatonia {rC+}
  3422 | D:5      | Reached **** piety under Trog
  3619 | D:5      | Found a burning altar of Makhleb.
  3644 | D:5      | Got the Compendium of the Transposed Wind
  3959 | D:5      | Reached skill level 10 in Axes
  3959 | D:5      | Reached XP level 8. HP: 67/71 MP: 7/7
  4305 | D:6      | Reached skill level 5 in Armour
  4383 | D:6      | HP: 4/106 [poisoned by a gnoll sergeant]
  4385 | D:6      | Succumbed to a gnoll sergeant's poison

Illustrated notes

Levels and vault maps discovered:
D:1:      erik_arrival_blinker_ship, layout_loops_corners,
          minmay_misc_feat_square
D:2:      layout_basic, chequers_ecumenical_altar_island, st_stairs_4,
          uniq_natasha
D:3:      layout_basic, serial_shops, shop, portal_sewer_entry_f, uniq_terence
D:4:      layout_rooms, minmay_temple_entry_statues_pillars, serial_shops,
          nicolae_shop_tiny_statue_garden, nicolae_shop_overgrown_old_shop
D:5:      layout_loops_ring, mainiacjoe_overflow_alcove_2,
          chequers_serial_rivers_small_3, nicolae_figureground_pulse
D:6:      layout_basic, glass_columns_a

Skill      XL: |  1  2  3  4  5  6  7  8 |
---------------+-------------------------+-----
Axes           | 4 5 6 7 8 9 10 | 10.0
Fighting       | 4 5 6 |  6.9
Armour         | 4 5 |  5.0
Dodging        | |  2.1

Action                     |  1- 3 |  4- 6 |  7- 9 || total
---------------------------+-------+-------+-------++-------
  Melee: Hand axe          |   106 |   175 |   147 ||   428
         Headbutt          |    14 |    25 |    27 ||    66
         Punch             |       |     3 |     1 ||     4
 Invoke: Trog's Hand       |       |     4 |     2 ||     6
         Berserk           |       |       |     1 ||     1
 Armour: Animal skin       |     5 |       |       ||     5
         Chain mail        |    26 |    49 |       ||    75
         Scale mail        |       |    55 |    58 ||   113
  Dodge: Dodged            |    38 |    79 |    39 ||   156
